 Dungeon Crawl Stone Soup version 0.30-a0-368-g86fb4627a9 (webtiles) character file.

Game seed: 143321341175478089

35 lunkers the Cutter (level 3, -3/31 HPs)
             Began as an Armataur Reaver on Nov 19, 2022.
             Engulfed by a cloud of flame (13 damage)
             ... on level 1 of the Dungeon.
             The game lasted 00:02:10 (818 turns).

lunkers the Cutter (Armataur Reaver)                 Turns: 818, Time: 00:02:11

Health: -3/31      AC:  5    Str: 19    XL:     3   Next: 16%
Magic:  5/5        EV:  9    Int: 13    God:
Gold:   86         SH:  0    Dex:  8    Spells: 4/5 levels left

rFire   + . .      SeeInvis .    b - +1 mace (protect)
rCold   . . .      Faith    .    (no shield)
rNeg    . . .      Spirit   .    h - +0 leather armour
rPois   .          Reflect  .    f - +0 helmet
rElec   .          Harm     .    (no cloak)
rCorr   .          Roll     +    (no gloves)
Will    .....                    (no barding)
Stlth   +.........               (no amulet)
HPRegen 0.25/turn                i - ring of protection from fire
MPRegen 0.09/turn                (no ring)

@: no status effects
A: large, rugged brown scales 3, deformed body, armoured tail, roll, long
tongue, awkward tongue
a: no special abilities


You were on level 1 of the Dungeon.
You visited 1 branch of the dungeon, and saw 1 of its levels.

You collected 86 gold pieces.

Inventory:

Hand Weapons
 a - a +0 short sword
 b - a +1 mace of protection (weapon)
Armour
 f - a +0 helmet (worn)
 h - a +0 leather armour (worn)
Jewellery
 i - a ring of protection from fire (left hand)
Scrolls
 c - a scroll of acquirement {unknown}
 e - a scroll of identify {unknown}
 j - a scroll of vulnerability {unknown}
 k - a scroll of noise {unknown}
Potions
 d - a potion of heal wounds {unknown}
 g - a potion of invisibility {unknown}


   Skills:
 - Level 1.7 Fighting
 - Level 3.2 Short Blades
 + Level 1.9 Maces & Flails
 - Level 1.3 Dodging
 - Level 1.7 Spellcasting
 - Level 2.6 Conjurations


You had 4 spell levels left.
You knew the following spells:

 Your Spells              Type           Power      Damage    Failure   Level
p - Kiss of Death         Conj/Necr      16%        2d6       19%         1

Your spell library contained the following spells:

 Spells                   Type           Power      Damage    Failure   Level
 Momentum Strike          Conj/Tloc      8%         3d8       26%         2
 Hailstorm                Conj/Ice       4%         3d4       47%         3


Dungeon Overview and Level Annotations

Branches:
Dungeon (1/15)

Altars:


Innate Abilities, Weirdness & Mutations

You are completely covered in rugged brown scales. (AC +3, +7% HP)
Armour fits poorly on your strangely shaped body.
You have a long armoured tail.
You roll when moving toward enemies. (Rampage)
Your long tongue fully drains potion bottles. (2x potion effects)
Your tongue gives you trouble enunciating. (1.5x scroll delay)


Message History

You roll towards the quokka!
The quokka bites you but does no damage.
You miss the quokka. The quokka bites you.
You sock the quokka!
Your weapon exudes an aura of protection.
You kill the quokka!
No target in view!
No target in view!
No target in view!
No target in view!
No target in view!
No target in view!
There is an open door here.
You enter the shallow water.
Moving in this stuff is going to be slow.
There is an open door here.
You see here 5 stones.
You open the door.
There is an open door here.
You see here a +0 dagger.
You see here 5 stones.
There is an escape hatch in the floor here.
There is an open door here.
You enter the shallow water.
Moving in this stuff is going to be slow.
There is an open door here.
Partly explored, can't reach some items and places.
Partly explored, can't reach some items and places.
Really walk into a travel-excluded area?
Really walk into that cloud of flame? [Y]es or [N]o only, please.
Really walk into that cloud of flame?
You are engulfed in blazing flames.
You resist.
* * * LOW HITPOINT WARNING * * *
Really walk into that cloud of flame?
Okay, then.
You are engulfed in blazing flames.
You resist.
* * * LOW HITPOINT WARNING * * *
You are engulfed in blazing flames.
You resist.
You die...

#############
#...........##
#.########...# ##.# #§§○#
######..# #§§○# .......##
#@☼☼# .......#
######...##### .......#
##.○○°.[[).§§§.##
..########..°°§.).?.☼§...#
#.# #.....§.=...§§§..#
#'## #..#####...#####.####
~~~### #.## #§§§# #....##
~~~'.####.# #.§.# ####..#
~~~#..#...# #§§§# ##.#


There were no monsters in sight!

Vanquished Creatures
  A dart slug (D:1)
  4 ball pythons (D:1)
  5 endoplasms (D:1)
  4 goblins (D:1)
  4 hobgoblins (D:1)
  4 quokkas (D:1)
  4 frilled lizards (D:1)
  A kobold (D:1)
  3 rats (D:1)
30 creatures vanquished.

Notes
Turn   | Place    | Note
-------+----------+-------------------------------------------
     0 | D:1      | lunkers the Armataur Reaver began the quest for the Orb.
     0 | D:1      | Reached XP level 1. HP: 18/18 MP: 3/3
   102 | D:1      | Reached skill level 3 in Short Blades
   160 | D:1      | Reached XP level 2. HP: 25/25 MP: 4/4
   265 | D:1      | Reached skill level 1 in Maces & Flails
   535 | D:1      | Reached XP level 3. HP: 31/31 MP: 5/5
   818 | D:1      | Engulfed by a cloud of flame

Illustrated notes

Levels and vault maps discovered:
D:1:      dpeg_arrival_simpleton_b, layout_rooms, minmay_misc_feat_encased,
          minmay_liquid_box, lemuel_flame_loot_1

Skill      XL: |  1  2 |
---------------+-------+-----
Short Blades   | 3 |  3.2
Maces & Flails | 1 |  1.9
Fighting       | |  1.7
Dodging        | |  1.3
Spellcasting   | |  1.7
Conjurations   | |  2.6

Action                   || total
-------------------------++-------
Melee: Short sword       ||    34
       Tailslap          ||    12
       Punch             ||     2
       Mace              ||    71
Armor: Leather armour    ||    59
Dodge: Dodged            ||    61

Table legend: (Time is in decaauts)
 A = Elapsed time spent in this place.
 B = Non-inter-level travel time spent in this place.
 C = Inter-level travel time spent in this place.
 D = Time resting spent in this place.
 E = Time spent auto-exploring this place.
 F = Levels seen in this place.
 G = Mean time per level.
                   A        B        C        D        E       F      G
               +--------+--------+--------+--------+--------+-----+--------+
         Total |    839 |    839 |      0 |      0 |    629 |   1 |  839.0 |
       Dungeon |    839 |    839 |      0 |      0 |    629 |   1 |  839.0 |
               +--------+--------+--------+--------+--------+-----+--------+

Top non-repeatable levels by time:
     D:1: 839 daAuts
